[Event "44th Chess Olympiad Women 2022"]
[Site "Chennai"]
[Date "2022.08.07"]
[Round "9.2"]
[White "Ushenina, Anna"]
[Black "Javakhishvili, Lela"]
[Result "1/2-1/2"]
[WhiteElo "2423"]
[BlackElo "2476"]
[Annotator "TA"]
[PlyCount "50"]
[EventDate "2022.??.??"]
[TimeControl "60"]

1. d4 d5 2. c4 e6 3. Nc3 h6 4. Nf3 Nf6 5. g3 Nc6 6. Bg2 {[%emt 0:01:22] D37: Queen's
Gambit Declined: 5 Bf4.} Bd6 7. O-O O-O 8. b3 {[%emt 0:11:48] White has an edge.} Re8 9. Bb2 dxc4 10. bxc4 e5 11. d5 Na5 12. Nd2 b6 {[%emt 0:09:10] [#]} 13. Qc2 $146 ({Predecessor:} 
13. Nb5 Bd7 14. Qc2 a6 15. Nxd6 cxd6 16. Ba3 Qc7 17. Rab1 Rab8 18. Qb2 Bg4 19.
f3 {½-½ (60) Gukesh,D (2578)-Sunilduth Lyna,N (2624) Tornelo INT 2021}) 13...
Ba6 (13... Bd7 $11 {was preferrable.}) 14. Nb5 $1 $14 Bxb5 15. cxb5 a6 16. bxa6 Rxa6 17. Ne4 Nxe4 18. Bxe4 Qe7 19. Bd3 {[%emt 0:07:44] This bishop pair is nice.} Raa8 20. Bb5 Rf8 21. e4 Rac8 22. Ba6 Ra8 23. Bb5 Rac8 24. Ba6 Ra8 25. Bb5 Rac8 {[%emt 0:00:
00] Weighted Error Value: White=0.09 (flawless) /Black=0.06 (flawless)} 1/2-1/2

[Event "44th Chess Olympiad Women 2022"]
[Site "Chennai"]
[Date "2022.08.07"]
[Round "9.3"]
[White "Antova, Gabriela"]
[Black "Balabayeva, Xeniya"]
[Result "1/2-1/2"]
[WhiteElo "2275"]
[BlackElo "2198"]
[Annotator "RC"]
[PlyCount "153"]
[EventDate "2022.??.??"]
[TimeControl "60"]

1. Nf3 d5 2. e3 Nf6 3. b3 g6 4. Bb2 Bg7 5. c4 c6 6. Be2 O-O 7. O-O Bg4 8. d4 e6 9. Nbd2 Nbd7 10. h3 Bxf3 11. Bxf3 Re8 12. cxd5 exd5 13. b4 a5 14. bxa5 Qxa5 15. Qc2 Qa4 16. Qb1 Bf8 17. Rc1 Qa7 18. a4 Bb4 19. Bc3 Bxc3 20. Rxc3 Qa5 21. Qc2 Ra7 22. Nb3 Qc7 23. a5 Qd6 24. Ra2 Rea8 25. Rb2 Qc7 26. g3 Nf8 27. Kg2 Ne6 28.
h4 h5 29. Qc1 Qe7 30. Qb1 Nc7 31. Rc1 Nb5 32. Be2 Nd6 33. a6 bxa6 34. Na5 Rc7 35. Rxc6 Rxc6 36. Nxc6 Qc7 37. Ne5 a5 38. Rc2 Qa7 39. Rc6 Rd8 40. Ra6 Qc7 41. Qa2 Nde4 42. Bf3 Qc3 43. Qxa5 Qxa5 44. Rxa5 Rc8 45. Ra7 Nd6 46. Ra6 Nde4 47. Nc6 Kg7 48. Nb4 Ng4 49. Ra2 Nc3 50. Rc2 Rc4 51. Bxg4 Rxb4 52. Rxc3 hxg4 53. Rc5 f5 54. Rxd5 Kf6 55. Rd6+ Kf7 56. h5 gxh5 57. Rh6 Rb1 58. Rxh5 Kg6 59. Rh1 Rb2 60. Rd1 Rb6 61. Rd2 Kf6 62. f3 Ke6 63. fxg4 fxg4 64. Kf2 Kd5 65. Ke2 Rb3 66. Rd3 Rb2+ 67. Rd2 Rb3 68. Kf2 Ra3 69. Rc2 Ke4 70. Re2 Rd3 71. Kg2 Rd1 72. Kf2 Rd3 73. Ke1 Kf3 74. e4 Rxd4 75. e5 Rd7 76. e6 Re7 77. Re5 1/2-1/2

[Event "44th Chess Olympiad Women 2022"]
[Site "Chennai"]
[Date "2022.08.07"]
[Round "9.3"]
[White "Assaubayeva, Bibisara"]
[Black "Krasteva, Beloslava"]
[Result "1/2-1/2"]
[WhiteElo "2436"]
[BlackElo "2249"]
[Annotator "TA"]
[PlyCount "68"]
[EventDate "2022.??.??"]
[TimeControl "60"]

1. d4 Nf6 2. c4 e6 3. Nf3 b6 4. g3 Bb7 5. Bg2 Be7 6. O-O O-O 7. Nc3 Ne4 8. Bd2 $1 {[%emt 0:00:06][%cal Yc1d2,Yd2e1,Ye1c3] outshines the older 8.
Qc2.} Bf6 9. Be1 {[%emt 0:02:01] E18: Queen's Indian: Old
Main Line (4 g3 Bb7 5 Bg2 Be7 6 0-0 0-0 7 Nc3).} Nxc3 10. Bxc3 Be4 11. Ne1 Bxg2 12. Nxg2 c5 {[%emt 0:05:30] [#]}
13. Qd2 $146 ({Predecessor:} 13. Rc1 Na6 14. e4 d6 15. e5 Be7
16. Qa4 cxd4 17. Bxd4 dxe5 18. Bxe5 Nc5 19. Qc2 Qc8 20. Nf4 {0-1 (32) Ursan,P 
(1642)-Bunta,A (1954) Calimanesti 2013}) 13... cxd4 14. Bxd4 Bxd4 15. Qxd4 Qe7 16. Rfd1 Rd8 17. Ne3 Nc6 18. Qc3 Rac8 19. Rac1 h6 20. a3 a5 21. Qc2 Qc5 22. Qa4 Nd4 23. b4 Qe5 ({Don't play} 
23... Nxe2+ 24. Kf1 axb4 25. axb4 $18 (25. Kxe2 bxa3 26. Ra1 Ra8 $16)) 24. Rd2 axb4 (24... d5 $5 25. c5 axb4
26. axb4 Ra8 $11) 25. Qxb4 {[%emt 0:05:34] The position is equal.} Nc6 26. Qb5 Qc5 27. Rcd1 Qxa3 28. Rxd7 Rxd7 29. Rxd7 Qc5 30. Rb7 Na5 31. Qxc5 Rxc5 32. Rxb6 Nxc4 33. Nxc4 Rxc4 34. h4 h5 {[%emt 0:00:
44] Weighted Error Value: White=0.06 (flawless) /Black=0.05 (flawless)} 1/2-1/2

[Event "44th Chess Olympiad Women 2022"]
[Site "Chennai"]
[Date "2022.08.07"]
[Round "9.3"]
[White "Nakhbayeva, Guliskhan"]
[Black "Radeva, Viktoria"]
[Result "1-0"]
[WhiteElo "2329"]
[BlackElo "2289"]
[Annotator "RC"]
[PlyCount "143"]
[EventDate "2022.??.??"]
[TimeControl "60"]

1. d4 Nf6 2. c4 e6 3. Nc3 Bb4 4. e3 O-O 5. Bd3 c5 6. a3 Bxc3+ 7. bxc3 Nc6 8.
Ne2 b6 9. O-O d6 10. e4 e5 11. d5 Ne7 12. f4 exf4 13. Bxf4 Ng4 14. h3 Ne5 15. Bxe5 dxe5 16. a4 a5 17. Ng3 Qd6 18. Ra2 Bd7 19. Raf2 f6 20. Be2 Rad8 21. Bg4 Bxg4 22. Qxg4 Qd7 23. Qd1 Nc8 24. Qb3 Qc7 25. Rb2 Qd7 26. Qa2 g6 27. Rbf2 Kg7 28. Qb3 h5 29. Re1 Rf7 30. Nf1 Qa7 31. Rb2 Qd7 32. Qd1 Rdf8 33. Nd2 Qc7 34. Qb1 Qd7 35. Qc2 Qc7 36. Reb1 Rd8 37. Nf3 Qd7 38. Re1 Qc7 39. Qb3 Qd7 40. Rf2 Rdf8 41. Nh4 Kh7 42. Rf3 Qd8 43. Rf2 Nd6 44. Nf3 Kg7 45. Rb2 Qd7 46. Nd2 Nc8 47. Qb5 Qd8 48. Rf1 g5 49. Qb3 Qd7 50. Qb5 Qd8 51. Re1 Rh8 52. Nf1 g4 53. Ne3 gxh3 54. gxh3 Kh7 55. Kh2 Rg8 56. Qc6 Qf8 57. Qe6 Kh8 58. Nf5 Ne7 59. Rxb6 Nxf5 60. Qxf5 Qh6 61. Rb2 Rb7 62. Ree2 Rbg7 63. Rf2 Qe3 64. Qxh5+ Rh7 65. Qf3 Qe1 66. Qxf6+ Rhg7 67. Rg2 Qxe4 68. Rxg7 Rxg7 69. Qh6+ Qh7 70. Rb8+ Rg8 71. Rxg8+ Kxg8 72. Qxh7+ 1-0

[Event "44th Chess Olympiad Women 2022"]
[Site "Chennai"]
[Date "2022.08.07"]
[Round "9.3"]
[White "Salimova, Nurgyul"]
[Black "Abdumalik, Zhansaya"]
[Result "0-1"]
[WhiteElo "2416"]
[BlackElo "2495"]
[Annotator "TA"]
[PlyCount "136"]
[EventDate "2022.??.??"]
[TimeControl "60"]

1. d4 Nf6 2. Nf3 d5 3. c4 e6 4. g3 Be7 5. Bg2 O-O 6. O-O c6 7. Bf4 a5 {[%emt 0:02:03]
E11: Bogo-Indian.} 8. Qc2 Nh5 9. Bd2 Nf6 {[%emt 0:00:23] The position is equal.} 10. Rd1 b5 11. c5 Nbd7 12.
Nc3 Ba6 13. Be1 b4 14. Na4 {[%emt 0:00:19] [#]} Qc7 $146 ({Predecessor:} 
14... Ne4 15. e3 Qb8 16. b3 g5 17. a3 g4 18. Nh4 f5 19. axb4 axb4 20. Nb2 Bf6
21. f3 gxf3 22. Nxf3 {0-1 (39) Kozul,Z (2619)-Bischoff,K (2493) Germany 2022})
15. a3 b3 16. Qxb3 Bxe2 17. Rdb1 Ne4 18. Qc2 Bxf3 19. Bxf3 f5 20. Bg2 Bf6 21. Rd1 e5 22. dxe5 Nxe5 23. b4 (23. f3 Ng5 24. f4 (24. Qxf5 $2 Nexf3+ 25. Kh1 Bxb2 $19) 24...
Nef3+ 25. Bxf3 (25. Kh1 Nxe1 26. Rxe1 Ne4 $17) 25... Nxf3+ 26. Kg2 Nd4 $15) (
23. Kh1 $11) 23... Nc4 (23... axb4 $17 24. axb4 Qf7) 24. Ra2 axb4 25. axb4 h5 ({Black should play} 25... Rfe8 $15) 26. Qb3 Rfb8 27. f3 Ng5 $36 {
[%emt 0:01:45] White is under pressure.} 28. Bf2 f4 (28... Qb7 $11 {remains equal.} 29. Nb6 Rxa2 30. Qxa2 Nxb6 31. cxb6 Bd8
) 29. gxf4 $2 (29. Nb6 $1 $16 Rxa2 30. Qxa2) 29... Qxf4 $17 30. Bg3 Qe3+ 31. Qxe3 Nxe3 32. Bxb8 Nxd1 {[%emt 0:00:04] Pair of Knights!} 33. Bf4 ({White should
try} 33. Bg3 $1 $15) 33... Ne6 34. Bc1 Nd4 {
[%emt 0:01:30] Black is much more active.} 35. Bh3 (35. Nc3
$17 {is a better defense.} Re8 36. Nxd1 Re1+ 37. Bf1) 35... Nxf3+ 36. Kf1 Nxh2+ 37. Rxh2 {
[%emt 0:00:51] [#] Strongly threatening Ra2.} Rxa4 38. Be6+ (38. b5 $17 {might work better.} cxb5 39. Be6+ Kf8 40. Bd2)
38... Kf8 $19 39. Bf4 (39. Rxh5 $17 {was
called for.} Ke7 40. Bf5) 39... Ke7 ({Wrong is} 39... Rxb4 $2
40. Bd6+ Ke8 41. Rxh5 $19) 40. Re2 Nc3 ({
Less strong is} 40... Rxb4 41. Bd6+ Kd8 42. Ra2 Ne3+ 43. Ke2 Rb2+ 44. Rxb2 Bxb2
45. Kxe3 $16) 41. Bd6+ Kd8 42. Rh2 Ra1+ 43. Kg2 Ra2+ 44. Kf3 Rxh2 45. Bxh2 {[%emt 0:00:05]
Endgame KBB-KBN} Ke7 {[%emt 0:00:29] Prevents Bf7.} 46. Bf5 Nb5 {[%emt 0:00:35] [#] White must now prevent ...Nd4+.} 47. Bg6 h4 48. Kg4 Bc3 49. Kxh4 Bxb4 50. Be5 Bc3 51. Bf4 Bd4 52. Bd3 Bxc5 {[%emt 0:00:10] Black is clearly winning.} 53. Kg5 Bd4 54. Kg6 Nd6 55. Bg5+ Kd7 56. Be2 c5 57. Kh5 c4 58. Kg4 Kc6 59. Kf3 Bf6 60. Bf4 Nf5 {[%emt 0:00:38] ( -> ...Nd4+)} 61. Bd1 Kc5 {[%emt 0:00:17] Hoping for ...c3.} 62. Kg4 Nd4 63. Bd2 Nb5 {[%emt 0:00:17] And now ...
d4 would win.} 64. Kf4 d4 {[%emt 0:00:12] aiming for .. .c3.}
65. Ke4 Nd6+ 66. Kf3 c3 67. Bc1 Kc4 68. Ba3 Nb5 {[%emt 0:00:11] Weighted Error Value: White=0.42/Black=0.14 (very
precise)} 0-1

[Event "44th Chess Olympiad Women 2022"]
[Site "Chennai"]
[Date "2022.08.07"]
[Round "9.4"]
[White "Bayarmaa, Bayarjargal"]
[Black "Balajayeva, Khanim"]
[Result "0-1"]
[WhiteElo "2171"]
[BlackElo "2344"]
[Annotator "RC"]
[PlyCount "104"]
[EventDate "2022.??.??"]
[TimeControl "60"]

1. d4 d5 2. Nf3 Nf6 3. g3 c6 4. Bg2 Bf5 5. O-O e6 6. Nbd2 h6 7. c4 Be7 8. b3 O-O 9. Bb2 a5 10. a3 Nbd7 11. Rc1 Bh7 12. Ne1 Qb8 13.
Nd3 Rc8 14. Re1 a4 15. b4 b5 16. c5 Re8 17. Ne5 Qc7 18. Ndf3 Rad8 19. h3 Nf8 20. Ra1 Ne4 21. Qc1 Rc8 22. Qf4 Bd8 23. Rad1 Qb7 24. h4 g5 25. Qc1 f6 26. Nd3 Qg7 27. hxg5 hxg5 28. Nh2 Bc7 29. Nf1 Bf5 30. Bc3 Qh6 31. Bd2 Re7 32. f3 Nxg3 33. e4 dxe4 34. fxe4 Bg4 35. Nxg3 Bxg3 36. Re3 Qh2+ 37. Kf1 Bh3 38. Ne1 Bxg2+ 39. Nxg2 Qh1+ 40. Ke2 Qxg2+ 41. Kd3 Bf2 42. Re2 Qf3+ 43. Be3 Bxe3 44. Rxe3 Qh5 45. Rf1 Ng6 46. Rxf6 Nf4+ 47. Kc2 Qh8 48. e5 Qh7+ 49. Kb2 Nd3+ 50. Rxd3 Qxd3 51. Qg1 Rg7 52. Rxe6 Qb3+ 0-1

[Event "44th Chess Olympiad Women 2022"]
[Site "Chennai"]
[Date "2022.08.07"]
[Round "9.4"]
[White "Beydullayeva, Govhar"]
[Black "Munkhzul, Turmunkh"]
[Result "1/2-1/2"]
[WhiteElo "2390"]
[BlackElo "2277"]
[Annotator "TA"]
[PlyCount "85"]
[EventDate "2022.??.??"]
[TimeControl "60"]

1. d4 Nf6 2. c4 g6 3. Nc3 Bg7 4. e4 d6 5. h3 O-O 6. Be3 e5 7. d5 Na6 8. g4 {[%emt 0:00:00] E71: King's
Indian: 4 e4 d6 5 h3.} Nd7 {[%emt 0:00:40] [#]} 9. h4 $146 ({
Predecessor:} 9. Nge2 Ndc5 10. Ng3 Qh4 11. Qd2 f6 12. Be2 Bd7 13. O-O-O Nb4 14.
Kb1 a5 15. Rdg1 {1-0 (60) Livaic,L (2507)-Nevednichy,V (2531) Chess.com INT
2020}) 9... Nf6 (9... f5 $1 $11 {keeps the balance.}) 10. Be2
$16 {[%emt 0:05:14] White is better.} Nc5 11. Bf3 a5 12. h5 c6 13. dxc6 Ne6 14. cxb7 {[%emt 0:03:47] 0x0.
001e3cb91b5cdp-1022s more active pieces. The black rooks are badly placed.}
Bxb7 15. h6 Bh8 16. Nge2 {[%emt 0:00:57] Prevents Nd4.} Rc8 17.
b3 Nd7 18. Qd2 (18. Qxd6 $6 Nd4 19. O-O-O (19. Nxd4 $2 exd4 20. Bxd4 Rc6 $19)
19... Rc6 $11) 18... Qf6 (18... Ndc5 $142) 19. Bg2 Nf4 (19... Ndc5 $16 20. O-O-O (20. Qxd6 Rfd8 $11)
20... a4) 20. Bh3 $2 (20. Nxf4 $2 exf4 21. Bxf4 Qxc3 $19) (20.
Bxf4 $18 {is the precise move to win.} exf4 21. e5 Nxe5 22. Bxb7) 20... Rcd8 21. O-O-O (21. Bxf4 exf4 22. f3
Qh4+ 23. Kf1 Qxh6 $11) 21... Nc5 22. Nxf4 ({
Much worse is} 22. Bxf4 $6 exf4 23. f3 Rfe8 $11) 22... exf4 23. Bd4 Qxd4 24. Qxd4 Bxd4 25. Rxd4 Ne6 26. Rd3 (26. Rd2 $16) 26... Nc5 $11 27.
Rd4 {[%emt 0:01:41] Black must now prevent Rhd1.} Ne6 $1 28.
Rd3 (28. Rd2 $16) 28... Nc5 29.
Rd2 $36 {[%emt 0:01:36] White fights for an advantage.} a4 $2 {[%emt 0:06:34] 
[#]} (29... Bxe4 $11 {and Black stays safe.} 30. Rhd1 Bf3) 30. b4 $1 $18 Nxe4 31. Nxe4 Bxe4 32. Re1 f5 33. gxf5 gxf5 34. Red1 Rf6 35. c5 ({Much less strong is} 35. Rg1+ $6 Kh8 $14) 35...
Rxh6 36. Bf1 {[%emt 0:00:32] aiming for b5.} Rb8 (36... Bf3 $16) 37. cxd6 $2 (37. Rxd6 $18 Rxd6 38. Rxd6 (
38. cxd6 Kf7 $11)) 37... a3 $16 {[%emt 0:00:10] [#] Hoping for ...Rc8+.} (37...
Rxb4 $2 38. Rb2 Rxb2 39. Kxb2 $18) 38. Bc4+ ({White should
play} 38. Rd4 $1 $16) 38... Kf8 $1 $11 39. d7 Rd8 {[%emt 0:00:07] The position is equal.} 40. b5 Ke7 41. Re1 {[%emt 0:12:10] Strongly threatening f3.} f3 42. Bd5 Rxd7 43. Bxe4 {[%emt 0:01:04]
White really could win this. Weighted Error Value: White=0.28 (precise) /
Black=0.34} 1/2-1/2

[Event "44th Chess Olympiad Women 2022"]
[Site "Chennai"]
[Date "2022.08.07"]
[Round "9.4"]
[White "Mammadzada, Gunay"]
[Black "Enkhtuul, Altan-Ulzii"]
[Result "1-0"]
[WhiteElo "2455"]
[BlackElo "2267"]
[Annotator "TA"]
[PlyCount "129"]
[EventDate "2022.??.??"]
[TimeControl "60"]

1. e4 d6 2. d4 Nf6 3. Nc3 g6 4. Be3 c6 5. Qd2 b5 6. Bd3 Ng4 {[%emt 0:17:57] B07: Pirc Defence:
Miscellaneous Systems.} (6... e5 $11 {remains equal.}) 7. Bg5 $1 $16 h6 8. Bh4 {[%emt 0:00:26] [#]} Qc7 $146 {[%emt 0:00:
00] White is better.} ({Predecessor:} 8... Bg7 9. h3 Nf6 10. Nf3 a6 11. O-O-O
Be6 12. Kb1 Nbd7 13. Rhe1 Nb6 14. e5 dxe5 15. Nxe5 {½-½ (38) Turkova,K (1882)
-Richtrova,E (2204) Prague 2022}) 9. f4 Bg7 10. Nf3 b4 11. Na4 ({
White should play} 11. Ne2) 11... c5 12. dxc5 dxc5 (12... Bd7 $16) 13. e5 $1 $18 {[%emt 0:08:05] Strongly
threatening h3.} c4 {[%emt 0:13:09] [#]} (13... Bd7 $142) 14. Be4 $1 Bb7 15. Bxb7 Qxb7 {[%emt 0:00:07] [#]
} 16. O-O-O $1 (16. Nc5 $6 Qc7 $16)
16... Nd7 17. h3 g5 18. Be1 ({Don't do} 18. hxg4 $6 gxh4 19. Nxh4 (19.
Rxh4 Qb5 $18) 19... e6 $16) (18. fxg5 Ngxe5 19. Nxe5 Nxe5 $11) 18... c3 19. Qe2 Qc6 20. b3 ({Less strong is} 20. hxg4 Qxa4 21. Kb1 Rc8 $16) 20... Ngxe5 21. Nxe5 Bxe5 (21... Nxe5 $142 22.
fxe5 O-O) 22. fxe5 Nb6 23. Qf3 Qc8 (23... Qxf3 {was worth a try.} 24. gxf3 Nxa4 25. bxa4
a5) 24. Qg4 Nxa4 25. Qxc8+ (
{Resist} 25. bxa4 Qe6 26. Qxe6 fxe6 $18) 25... Rxc8 26. bxa4 Rc5 27. Bg3 Ra5 28. Kb1 Rxa4 29. Rhe1 O-O 30. e6 Ra6 31. exf7+ Rxf7 32. Rd8+ Kg7 33. Rb8 Rb6 34. Rxb6 axb6 {[%emt 0:00:02] Endgame KRB-KR} 35. a3 bxa3 36. Ka2 h5 37. Kxa3 h4 38. Be5+ Kg6 39. Re2 {
[%emt 0:00:11] Prevents Rf2.} Rf5 40. Bxc3 Kf7 41. Bd4 {[%emt 0:30:25] Rf2 is the strong threat.} b5 42. Kb4 (42. Rf2 $142 Kg6 43. Rxf5 Kxf5 44.
Be3) 42... Ke8 43. Bc5 Kd7 44. Kxb5 e6 45. c4 {[%emt 0:00:00] White
wants to mate with Rd2+.} e5 46. Rf2 Rf4 47. Be3 Re4 48. Bxg5 Re1 49. Bxh4 {[%emt 0:00:00] Intending Rd2+
and mate.} Rb1+ 50. Kc5 {[%emt 0:00:00] g4 would kill now.}
Rd1 51. g4 {[%emt 0:00:00][%cal Yg2g4,Yg4g5] White mates.} Rd3 52. Rf7+ Ke8 53. Re7+ Kf8 54. Rxe5 Rxh3 55. Bf6 Rd3 56. g5 Kf7 57. Kc6 Rd1 58. c5 Rc1 59. Kc7 Rc2 60. c6 Rc1 61.
Kb7 Rb1+ 62. Kc8 Rd1 63. c7 Rc1 64. Rb5 Rd1 65. Kb8 {[%emt 0:00:00] Weighted Error Value:
White=0.22 (precise) /Black=0.43} 1-0

[Event "44th Chess Olympiad Women 2022"]
[Site "Chennai"]
[Date "2022.08.07"]
[Round "9.4"]
[White "Mungunzul, Bat-Erdene"]
[Black "Mammadova, Gulnar"]
[Result "1-0"]
[WhiteElo "2163"]
[BlackElo "2380"]
[Annotator "RC"]
[PlyCount "113"]
[EventDate "2022.??.??"]
[TimeControl "60"]

1. d4 d5 2. c4 dxc4 3. Nc3 a6 4. a4 Nc6 5. e3 e5 6. Nf3 exd4 7. exd4 Na5 8. Ne5 Qe7 9. Be3 Nf6 10. Nxc4 Bg4 11. Qc2 Nc6 12. Be2 Bxe2 13. Qxe2 O-O-O 14. Rd1 Nd5 15. O-O f6 16. Rc1 Qe6 17. Rfd1 Bb4 18. Qd3 g5 19. Ne4 Rhe8 20. Ng3 Rd7 21. Qf5 Qxf5 22. Nxf5 Red8 23. h4 Nde7 24. Ng7 gxh4 25. Kh2 b5 26. axb5 axb5 27. Na3 Rd5 28. Ne6 Bd6+ 29. Kh3 Rg8 30. Nc5 Na7 31. Ne4 Bxa3 32. bxa3 Rg6 33. Nc3 Rd7 34. d5 c6 35. Bxa7 Rxa7 36. d6 Nf5 37. Nxb5 Ra5 38. Rxc6+ Kd8 39. Rb6 Ra8 40. d7 Ne7 41. Rdd6 f5 42. Nd4 Rxd6 43. Rxd6 Kc7 44. Nb5+ Kd8 45. Kxh4 Rb8 46. Nd4 Kc7 47. d8=Q+ Rxd8 48. Rxd8 Kxd8 49. Kg5 Kd7 50. Nxf5 Nd5 51. Ne3 Nc3 52. f3 Ke6 53. f4 Kf7 54. Kh6 Ne2 55. f5 Kf6 56. a4 Nd4 57. a5 1-0

[Event "44th Chess Olympiad Women 2022"]
[Site "Chennai"]
[Date "2022.08.07"]
[Round "9.5"]
[White "Klek, Hanna Marie"]
[Black "Kalaiyalahan, Akshaya"]
[Result "1-0"]
[WhiteElo "2366"]
[BlackElo "2158"]
[Annotator "RC"]
[PlyCount "95"]
[EventDate "2022.??.??"]
[TimeControl "60"]

1. e4 e6 2. d4 d5 3. e5 c5 4. c3 Qb6 5. Nf3 Bd7 6. Bd3 cxd4 7. cxd4 Bb5 8.
O-O Bxd3 9. Qxd3 Nc6 10. Nc3 Bb4 11. Ne2 Qd8 12. a3 Ba5 13.
h4 Nge7 14. h5 h6 15. Ng3 Bb6 16. Be3 Qd7 17. Nh4 O-O 18. b4 Rac8 19. Rad1 f5 20. exf6 Rxf6 21. Qe2 Re8 22. Qg4 a6 23. Rfe1 Ref8 24. Ne2 Bc7 25. Nc1 Nf5 26. Ng6 Re8 27. Nd3 Nxe3 28. Rxe3 Qd6 29. g3 Ne7 30. Nxe7+ Qxe7 31. Rde1 Bd6 32. Qe2 Qf7 33. Nc5 Bxc5 34. bxc5 Rf8 35. f4 Re8 36. Rb1 Rf5 37. Rb6 Qf6 38. Qd1 Qf7 39. Reb3 Re7 40. Qb1 Qxh5 41. Qd3 Qh3 42. Rxb7 Rxb7 43. Rxb7 Rxf4 44. c6 Re4 45. Rb8+ Kf7 46. Qf1+ Qxf1+ 47. Kxf1 Rxd4 48. c7 1-0

[Event "44th Chess Olympiad Women 2022"]
[Site "Chennai"]
[Date "2022.08.07"]
[Round "9.5"]
[White "Paehtz, Elisabeth"]
[Black "Houska, Jovanka"]
[Result "1/2-1/2"]
[WhiteElo "2484"]
[BlackElo "2360"]
[Annotator "TA"]
[PlyCount "64"]
[EventDate "2022.??.??"]
[TimeControl "60"]

1. d4 d5 2. c4 c6 3. Nf3 Nf6 4. g3 Bg4 5. Ne5 Bf5 6. Qb3 {[%emt 0:00:12] D11: Slav Defence: 3 Nf3
sidelines and 3...Nf6 4 e3 Bg4.} Qb6 7. cxd5 Qxb3 8. axb3 Bxb1 {[%emt 0:01:54] [#]} (8...
Nxd5 $11 9. Bg2 f6) 9. dxc6 $1 $16 ({Don't play} 9. Rxb1 $6
cxd5 10. Bg2 e6 $11) 9... Nxc6 {[%emt 0:00:04] Threatens to win with ...Be4.}
10. Rxb1 e6 11. Nxc6 bxc6 {
[%emt 0:00:04] [#]} 12. e3 $146 ({Predecessor:} 12. Bg2 Bb4+
13. Bd2 Bxd2+ 14. Kxd2 Kd7 15. Rhc1 Rhc8 16. Ra1 Rc7 17. e4 Rb8 18. Rc3 {
½-½ (101) Dordzhieva,D (2340)-Smirnova,E (2266) Rijeka 2020}) 12... Bb4+ 13. Bd2 Bxd2+ 14. Kxd2 Ne4+ 15. Ke2 Kd7 16. Bg2 Nf6 17. Rhc1 Nd5 18. Ra1 Rhb8 19. Ra3 Rb6 20. Kd2 Nc7 21. Ra5 a6 22. Rac5 {[%emt 0:09:17]
White is much more active.} Nd5 23. e4 Ne7 24. R1c3 Rab8 25. Kc2 f5 26. d5 (26. Re5 $16) 26...
cxd5 $1 $11 27. Rc7+ Kd8 $1 28. exd5 exd5 29. Ra7 R8b7 {
[%emt 0:06:42] Prevents Rc7.} 30. Ra8+ Rb8 31. Ra7 R8b7 {[%emt 0:00:04] Prevents Rc7.} 32. Ra8+ Rb8 {[%emt 0:00:07] White really could win this. Weighted Error Value:
White=0.13 (very precise) /Black=0.13 (very precise)} 1/2-1/2

[Event "44th Chess Olympiad Women 2022"]
[Site "Chennai"]
[Date "2022.08.07"]
[Round "9.5"]
[White "Toma, Katarzyna"]
[Black "Heinemann, Josefine"]
[Result "0-1"]
[WhiteElo "2303"]
[BlackElo "2321"]
[Annotator "RC"]
[PlyCount "114"]
[EventDate "2022.??.??"]
[TimeControl "60"]

1. e4 c5 2. Nf3 d6 3. d4 cxd4 4. Nxd4 Nf6 5. f3 e5 6. Nb3 d5 7. Bg5 Be6 8. Bxf6 gxf6 9. exd5 Qxd5 10. Qxd5 Bxd5 11. Nc3 Be6 12. O-O-O Nc6 13. Ne4 Bh6+ 14. Kb1 Ke7 15. Nec5 b6 16. Nxe6 fxe6 17. Bb5 Rac8 18. Rd3 Rhd8 19. Rhd1 Rc7 20. c3 Rxd3 21. Rxd3 Nd8 22. Rd1 Nf7 23. a4 a5 24. Nd2 Bxd2 25. Rxd2 Nd6 26. Bd3 h6 27. Re2 Rc8 28. Kc2 h5 29. b3 h4 30. Kb2 Rg8 31. b4 f5 32. Kb3 Kf6 33.
Bc2 Rc8 34. Bd3 Rc7 35. Re1 Nf7 36. Re3 Ng5 37. Be2 Nf7 38.
Rd3 Ke7 39. Bf1 Rc8 40. Rd2 Nd6 41. c4 axb4 42. Kxb4 Rc5 43. Ra2 Nb7 44. g3 hxg3 45. hxg3 Ra5 46. Be2 Nc5 47. Bd1 e4 48. f4 Kd6 49. Rh2 Kc6 50. Rh6 Ra8 51. Kc3 Rg8 52. Rh3 Nd3 53. Be2 Nf2 54. Rh6 Rxg3+ 55. Kd4 Kd6 56. a5 Nd3 57. axb6 Nc5 0-1

[Event "44th Chess Olympiad Women 2022"]
[Site "Chennai"]
[Date "2022.08.07"]
[Round "9.5"]
[White "Varney, Zoe"]
[Black "Schneider, Jana"]
[Result "0-1"]
[WhiteElo "2045"]
[BlackElo "2342"]
[Annotator "RC"]
[PlyCount "60"]
[EventDate "2022.??.??"]
[TimeControl "60"]

1. e4 e5 2. Bc4 Nf6 3. Nf3 Nc6 4. Ng5 d5 5. exd5 Na5 6.
Bb5+ c6 7. dxc6 bxc6 8. Bd3 Nd5 9. Nf3 Bd6 10. O-O O-O 11.
Re1 f5 12. Nxe5 Qf6 13. Nf3 g5 14. c4 Nf4 15. Bf1 g4 16.
d4 gxf3 17. Qxf3 Ne6 18. Qc3 Nxd4 19. c5 Be5 20. Qxa5 f4 21.
Bd2 f3 22. g3 Ne2+ 23. Bxe2 fxe2 24. f4 Bxf4 25. Bxf4 Qd4+ 26. Kg2 Qe4+ 27. Kf2 Bh3 28. Rxe2 Rxf4+ 29. gxf4 Qxf4+ 30. Kg1 Qf1# 0-1

[Event "44th Chess Olympiad Women 2022"]
[Site "Chennai"]
[Date "2022.08.07"]
[Round "9.6"]
[White "Ciolacu, Alessia-Mihaela"]
[Black "Sargsyan, Anna M."]
[Result "0-1"]
[WhiteElo "2163"]
[BlackElo "2378"]
[Annotator "RC"]
[PlyCount "104"]
[EventDate "2022.??.??"]
[TimeControl "60"]

1. d4 d5 2. c4 c6 3. Nf3 Nf6 4. Nbd2 g6 5. e3 Bg7 6. Be2 O-O 7. O-O Bf5 8. b3 Nbd7 9. Bb2 Ne4 10. Nxe4 Bxe4 11. Nd2 Bf5 12. a3 a5 13. Rc1 Nf6 14. c5 Nd7 15. b4 axb4 16. axb4 e5 17. b5 exd4 18. exd4 Re8 19. Re1 Bh6 20. Ra1 Rxa1 21. Bxa1 Qa5 22. Nf3 cxb5 23. Qb3 Rxe2 24. Rxe2 Qxa1+ 25. Re1 Qa6 26. Qxd5 Be6 27. Qe4 Nf6 28. Qe5 Nd7 29. Qc7 Qc6 30. Qd8+ Kg7 31. h4 Nf6 32. Ra1 Qe8 33. Qc7 Bd5 34. Ne5 Bf4 35. Qd6 Bc6 36. Re1 Ne4 37. Qc7 Bxe5 38. dxe5 Nxc5 39. Qd6 Ne6 40. Ra1 Qd8 41. g3 Qxd6 42. exd6 Kf6 43. Kf1 Nc5 44. Ke2 Ne4 45. Ke3 Nxd6 46. Kd4 h5 47. Ra3 Ne4 48. Ra2 Kf5 49. Ke3 Nc3 50. Ra8 b4 51. Kd3 Ne4 52. Ke3 b3 0-1